Map: Interloper LE

Players

PureLegacy - Winner!

  • Race: Terran Terran
  • League: Grandmaster
  • Spawn Location: 5:00

CalebAracous

  • Race: Zerg Zerg
  • League: Grandmaster
  • Spawn Location: 11:00

VOD

Have the link to the VOD?

Description

Time

  • Played on: Oct. 19, 2017, 9:56 a.m.
  • Length: 16:24
Show
View Real Time Build Order
Export as new Build Order

PureLegacy Terran - Winner!

Build Orders: Reaper Expand, Hellion Banshee, Mech 

Get SALT Encoding   

  12  0:01  SCV  
  13  0:13  SCV  
  14  0:17  Supply Depot  
  14  0:25  SCV  
  15  0:29  Refinery  
  15  0:39  SCV  
  16  0:45  Barracks  
  16  0:51  SCV  
  17  1:03  SCV  
  18  1:15  SCV  
  19  1:32  Orbital Command, Reaper  
  20  1:45  Command Center  
  20  1:56  Factory  
  20  1:59  SCV  
  21  2:06  Barracks Reactor  
  21  2:11  SCV  
  21  2:15  Supply Depot  
  22  2:21  Refinery  
  22  2:23  SCV  
  23  2:37  SCV  
  24  2:45  Starport  
  24  2:47  Hellion x2  
  24  2:49  SCV  
  29  2:56  Barracks Tech Lab  
  29  2:59  Orbital Command  
  29  3:02  SCV  
  30  3:15  Hellion x2  
  30  3:18  SCV  
  35  3:24  SCV  
  36  3:27  Cloaking Field  
  36  3:31  SCV  
  36  3:33  Banshee  
  40  3:41  SCV  
  40  3:46  Supply Depot, SCV  
  42  3:49  Hellion x2  
  46  3:59  Supply Depot  
  46  4:07  SCV x2  
  48  4:11  Supply Depot  
  48  4:12  Hellion  
  48  4:13  Hellion  
  52  4:19  SCV x2  
  52  4:20  Banshee  
  57  4:32  SCV x2  
  57  4:34  Hellion x2  
  63  4:45  Command Center  
  63  4:46  SCV x2  
  65  4:56  Factory  
  65  4:57  Factory  
  65  5:01  SCV  
  65  5:02  SCV  
  65  5:04  Armory  
  67  5:14  Hellion  
  67  5:16  SCV  
  67  5:18  Refinery  
  67  5:19  Refinery, SCV, Hellion  
  70  5:24  Barracks Tech Lab  
  70  5:25  Viking  
  70  5:28  SCV  
  73  5:31  SCV  
  74  5:39  Engineering Bay  
  74  5:40  SCV  
  75  5:43  SCV  
  75  5:45  Hellion  
  78  5:56  Thor, Hellion  
  86  6:00  Thor  
  86  6:01  SCV  
  93  6:06  Orbital Command  
  93  6:15  Terran Vehicle Weapons Level 1  
  93  6:32  SCV x2  
  99  6:33  Orbital Command, Supply Depot, Hellion x2  
  99  6:38  Command Center  
  99  6:44  Factory, SCV  
  99  6:45  Factory  
  100  6:52  SCV  
  101  6:55  Hellion  
  101  6:56  SCV  
  102  7:05  Hellion  
  102  7:06  Siege Tank, Hellion  
  103  7:15  SCV x3  
  106  7:17  Armory  
  106  7:21  Siege Tank  
  98  7:30  SCV x3  
  98  7:34  Refinery  
  98  7:35  Refinery  
  99  7:39  Siege Tank  
  99  7:40  Supply Depot x2  
  99  7:41  Supply Depot  
  99  7:42  Hellion  
  99  7:43  Hellion  
  104  7:56  SCV x3  
  101  8:05  Siege Tank  
  104  8:06  Factory Tech Lab, Factory Reactor  
  104  8:08  SCV x2  
  104  8:09  SCV  
  104  8:12  Factory x2, Supply Depot  
  107  8:14  Supply Depot  
  107  8:18  Siege Tank  
  107  8:19  Terran Vehicle And Ship Armor Level 1, Hellion x2  
  114  8:20  SCV x2  
  114  8:21  Terran Vehicle Weapons Level 2  
  114  8:25  SCV  
  114  8:31  Sensor Tower  
  114  8:32  SCV  
  114  8:33  Sensor Tower  
  115  8:36  Hellion  
  115  8:49  Hellion  
  115  8:50  Hellion x3  
  121  8:58  Siege Tank x3  
  121  9:00  Planetary Fortress  
  121  9:01  SCV x2  
  121  9:02  SCV  
  123  9:10  Factory Tech Lab x2  
  123  9:11  Hellion x4  
  131  9:17  SCV x3  
  131  9:23  Refinery  
  134  9:24  Sensor Tower  
  134  9:25  Missile Turret, Refinery  
  134  9:26  Infernal Pre-Igniter  
  134  9:29  SCV x3  
  137  9:32  Siege Tank  
  137  9:33  Hellion  
  137  9:34  Hellion x4  
  137  9:38  Hellion  
  152  9:46  Command Center  
  152  9:50  Siege Tank  
  155  9:55  Hellion  
  155  9:56  Hellion x3  
  163  10:00  Supply Depot  
  163  10:04  Siege Tank  
  166  10:08  Siege Tank  
  166  10:09  Command Center  
  169  10:20  Starport Reactor  
  169  10:21  Thor  
  169  10:23  Supply Depot  
  169  10:25  Starport, Supply Depot  
  175  10:33  Terran Vehicle And Ship Armor Level 2  
  175  10:43  Command Center  
  175  10:45  Thor  
  175  10:48  Siege Tank  
  188  10:50  Hellion x4  
  188  11:05  Thor  
  194  11:11  Viking x2  
  194  11:12  Starport Reactor  
  194  11:15  Factory  
  198  11:26  Terran Vehicle Weapons Level 3  
  198  11:28  Command Center  
  198  11:32  Hellion  
  198  11:49  Hellion  
  194  12:20  Orbital Command  
  194  12:21  Orbital Command  
  194  12:22  Planetary Fortress  
  186  12:32  Hellion x5  
  186  12:36  Siege Tank x3  
  197  12:39  Siege Tank  
  197  12:42  Factory Tech Lab  
  200  12:50  Orbital Command  
  200  12:52  Terran Vehicle And Ship Armor Level 3  
  200  13:01  Missile Turret x2  
  200  13:02  Missile Turret, Sensor Tower  
  200  13:03  Missile Turret, Refinery  
  200  13:04  Refinery  
  200  13:05  Viking x2  
  194  13:08  Hellion x3  
  194  13:12  Siege Tank x6  
  185  13:17  Hellion x2  
  169  13:33  Viking x2  
  165  13:35  Viking  
  165  13:46  Viking  
  165  13:47  Siege Tank  
  165  13:48  Siege Tank x3  
  173  13:49  Hellion x4  
  181  14:03  Viking, Siege Tank  
  180  14:10  Siege Tank  
  180  14:11  Viking x2  
  180  14:12  Terran Ship Weapons Level 1  
  180  14:16  Viking  
  187  14:24  Thor x2  
  199  14:40  Command Center x2  
  187  14:46  Siege Tank  
  187  14:47  Siege Tank x2  
  196  14:54  Command Center  
  196  14:59  Viking x2  
  200  15:31  Starport  
  200  15:34  Factory  
  195  16:10  Missile Turret, Sensor Tower  
Show
View Real Time Build Order
Export as new Build Order

CalebAracous Zerg 

Build Orders: Hatch First 

Get SALT Encoding   

  12  0:01  Drone  
  13  0:08  Drone  
  14  0:19  Overlord  
  14  0:23  Extractor  
  14  0:24  Drone  
  15  0:38  Drone  
  15  0:39  Drone  
  17  0:53  Hatchery  
  17  0:56  Drone  
  17  1:00  Drone  
  18  1:10  Extractor  
  17  1:15  Spawning Pool  
  16  1:20  Drone  
  16  1:21  Drone  
  18  1:29  Drone  
  19  1:40  Overlord  
  19  1:49  Drone  
  20  2:05  Queen x2  
  20  2:06  Zergling x4  
  26  2:15  Drone, Metabolic Boost  
  27  2:17  Drone  
  27  2:22  Drone  
  29  2:34  Drone x2  
  31  2:46  Drone x2  
  31  2:48  Pneumatized Carapace  
  34  2:51  Drone  
  34  2:56  Hatchery  
  33  3:02  Queen  
  35  3:07  Overlord  
  35  3:16  Overlord  
  35  3:18  Zergling x2  
  36  3:31  Queen  
  36  3:33  Zergling x4  
  40  3:34  Drone x3  
  40  3:37  Queen  
  45  3:49  Spore Crawler  
  45  3:50  Spore Crawler  
  45  3:52  Drone x4  
  45  3:54  Spore Crawler  
  46  4:02  Zergling x8  
  50  4:06  Overlord  
  50  4:13  Queen  
  50  4:16  Queen  
  54  4:24  Zergling x4  
  54  4:27  Overlord  
  54  4:29  Drone x4  
  58  4:35  Drone  
  58  4:36  Drone  
  58  4:37  Baneling Nest  
  59  4:39  Drone  
  59  4:43  Queen  
  62  4:52  Roach Warren  
  62  4:53  Drone  
  61  5:07  Drone  
  61  5:08  Drone x10  
  71  5:28  Extractor  
  71  5:29  Extractor, Lair  
  71  5:31  Drone x3  
  71  5:33  Evolution Chamber x2  
  71  5:35  Drone x4  
  74  5:37  Overlord x2  
  73  5:56  Drone, Spore Crawler  
  72  5:57  Drone x8  
  72  5:59  Spore Crawler  
  78  6:10  Zerg Missile Weapons Level 1, Zerg Ground Armor Level 1  
  78  6:12  Drone x4  
  78  6:14  Extractor, Overlord x2  
  78  6:15  Extractor, Overlord  
  78  6:29  Glial Reconstitution  
  78  6:32  Extractor, Overseer  
  77  6:34  Drone x4  
  77  6:36  Drone x6  
  87  6:40  Overlord x3  
  87  6:52  Hatchery  
  86  6:59  Drone  
  86  7:00  Drone x8  
  74  7:09  Evolution Chamber  
  74  7:10  Zergling x2  
  74  7:11  Zergling x6  
  72  7:27  Zergling x2  
  72  7:29  Drone x4  
  74  7:30  Drone x2  
  75  7:41  Drone  
  75  7:51  Drone x8  
  74  8:04  Drone x3, Infestation Pit  
  76  8:06  Hydralisk Den  
  75  8:14  Zerg Ground Armor Level 2  
  75  8:15  Drone x6  
  75  8:16  Drone x2  
  83  8:26  Overlord  
  83  8:27  Roach x4  
  83  8:28  Roach x2, Zerg Missile Weapons Level 2  
  83  8:32  Roach x2  
  97  8:42  Roach x2  
  97  8:43  Roach x3  
  97  8:47  Overlord  
  97  8:48  Drone  
  97  8:49  Drone x3  
  91  8:58  Drone x6  
  96  9:06  Drone  
  96  9:07  Drone x2  
  96  9:08  Drone x3  
  102  9:14  Hive  
  102  9:20  Drone  
  102  9:21  Drone x5  
  108  9:36  Ravager x13  
  121  9:40  Roach x5  
  121  9:41  Roach  
  133  9:49  Roach x5  
  143  9:56  Overlord  
  143  9:57  Overlord x2  
  142  10:06  Overlord x2  
  142  10:11  Queen  
  144  10:16  Overseer  
  144  10:25  Viper x2  
  144  10:26  Hydralisk  
  144  10:27  Hydralisk x3  
  158  10:30  Drone  
  158  10:31  Drone x9  
  158  10:33  Extractor  
  158  10:34  Extractor  
  166  10:44  Hydralisk x3  
  166  10:45  Hydralisk x3  
  166  10:48  Overlord  
  178  10:59  Roach x3  
  178  11:02  Overlord x4  
  184  11:14  Muscular Augments  
  184  11:27  Drone  
  184  11:28  Drone x5, Spine Crawler x2  
  184  11:30  Spine Crawler  
  187  11:35  Ravager x3  
  187  11:37  Drone x8  
  187  11:38  Drone x4  
  197  11:44  Zerg Ground Armor Level 3  
  188  11:47  Zerg Missile Weapons Level 3  
  183  11:55  Drone x2  
  183  12:00  Drone x3  
  183  12:01  Roach x6  
  199  12:16  Hatchery  
  198  12:23  Overseer x3  
  194  12:35  Ravager x5  
  194  12:36  Ravager  
  194  12:37  Roach x6  
  190  13:09  Hydralisk  
  190  13:12  Overlord x3  
  169  13:35  Hydralisk  
  169  13:38  Spire, Hydralisk x4  
  169  13:39  Hydralisk x12  
  200  14:00  Viper x3  
  186  14:16  Drone  
  187  14:17  Drone  
  187  14:18  Drone x12  
  200  14:31  Hatchery  
  197  14:52  Extractor, Greater Spire  
  196  14:54  Queen, Extractor  
  196  14:58  Ravager  
  198  15:01  Roach  
  200  15:08  Spire  
  199  15:42  Roach x7  
  171  16:00  Roach  
  171  16:01  Roach x17  
Tags
 
Add a new tag
Caveats
  • Supply blocks, unpowered buildings, or Contaminate may cause inaccurate times.
  • Supply counts are checked every 10 seconds.